 Dungeon Crawl Stone Soup version 0.25-a0-589-g1e14c54 (webtiles) character file.

Game seed: 15872470236034505524, levelgen mode: deterministic

28 Anathematize the Poker (level 3, 0/28 HPs)
             Began as a Demonspawn Warper on Mar 9, 2020.
             Succumbed to an adder's poison
             ... on level 2 of the Dungeon.
             The game lasted 00:03:10 (1411 turns).

Anathematize the Poker (Demonspawn Warper)          Turns: 1411, Time: 00:03:11

Health: 0/28       AC:  3    Str: 10 (12) XL:     3   Next: 0%
Magic:  6/6        EV: 11    Int: 11 (14) God:
Gold:   97         SH:  0    Dex: 11 (12) Spells: 4/6 levels left

rFire    . . .     SeeInvis .   a - +0 spear
rCold    . . .     Gourm    .   (no shield)
rNeg     . . .     Faith    .   b - +0 leather armour
rPois    .         Spirit   .   (no helmet)
rElec    .         Reflect  .   (no cloak)
rCorr    .         Harm     .   (no gloves)
MR       .....                  (no boots)
Stlth    +.........             (no amulet)
HPRegen  0.09/turn              (no ring)
MPRegen  0.10/turn              (no ring)

@: lethally poisoned (0 -> -8), flying, very slightly contaminated, invisible
A: demonic guardian 1
a: no special abilities


You were on level 2 of the Dungeon.
You were hungry.

You visited 1 branch of the dungeon, and saw 2 of its levels.

You collected 97 gold pieces.

Inventory:

Hand Weapons
 a - a +0 spear (weapon)
 j - a +0 dagger
Missiles
 c - 33 stones (quivered)
Armour
 b - a +0 leather armour (worn)
Scrolls
 d - a scroll of blinking
 g - a scroll of teleportation {unknown}
 i - a scroll of enchant weapon {unknown}
 k - 3 scrolls of identify {unknown}
 n - a scroll of amnesia {unknown}
 o - a scroll of fear {unknown}
Comestibles
 f - 6 rations


   Skills:
 + Level 2.5 Fighting
 * Level 2.8 Polearms
 - Level 0.8 Throwing
 - Level 0.8 Armour
 - Level 1.7 Dodging
 - Level 2.0 Spellcasting
 - Level 2.6 Translocations


You had 4 spell levels left.
You knew the following spells:

 Your Spells              Type           Power        Failure   Level  Hunger
a - Blink                 Tloc           N/A          21%         2    ###....

Your spell library contained the following spells:

 Spells                   Type           Power        Failure   Level  Hunger
 Shroud of Golubria       Chrm/Tloc      #.....       34%         2    ###....
 Gell's Gravitas          Tloc           #.........   36%         3    ####...
 Lesser Beckoning         Tloc           #.........   36%         3    ####...
 Teleport Other           Tloc           #.......     36%         3    ####...
 Passage of Golubria      Tloc           N/A          78%         4    #####..


Dungeon Overview and Level Annotations

Branches:
Dungeon (2/15)

Altars:


Innate Abilities, Weirdness & Mutations

A weak demonic guardian rushes to your aid.


Message History

The adder bites you.
* * * LOW HITPOINT WARNING * * *
You hit the adder but do no damage.
The adder is severely wounded.
You feel sick. The adder bites you.
* * * LOW HITPOINT WARNING * * *
You miss the adder.
The adder is severely wounded.
The adder barely misses you.
It was a potion of invisibility.
You fade into invisibility!
The adder bites you.
* * * LOW HITPOINT WARNING * * *
You are more poisoned.
The adder poisons you! The adder barely misses you.
You are very lightly contaminated with residual magic.
It was a potion of flight.
You feel very buoyant.
You fly up into the air.
You die...

## .. .##
#. ..# #.
#.# #.
#.#.# #(
#.#.#
#S##.#.#
#.@..#.#
####...#
#...#
#...#
#...#
#...#
#.#>#
#.#.#####
#.#.....#


You could see an adder.

Vanquished Creatures
  An ooze (D:1)
  A dart slug (D:1)
  2 leopard geckos (D:1)
  4 bats
  A giant cockroach (D:1)
  2 goblins (D:1)
  2 jackals (D:1)
  A kobold (D:1)
  A frilled lizard (D:1)
  3 rats (D:1)
18 creatures vanquished.

Notes
Turn   | Place    | Note
-------+----------+-------------------------------------------
     0 | D:1      | Anathematize the Demonspawn Warper began the quest for the
                  | Orb.
     0 | D:1      | Reached XP level 1. HP: 16/16 MP: 3/3
   169 | D:1      | Gained mutation: A weak demonic guardian rushes to your
                  | aid. [demonic ancestry]
   169 | D:1      | Reached XP level 2. HP: 18/22 MP: 5/5
   522 | D:1      | HP: 1/23 [leopard gecko (1)]
  1149 | D:1      | Learned a level 2 spell: Blink
  1283 | D:2      | Reached XP level 3. HP: 27/28 MP: 6/6
  1410 | D:2      | HP: 1/28 [adder (2)]
  1411 | D:2      | Succumbed to an adder's poison

Levels and vault maps discovered:
D:1:      dpeg_arrival_round_c, layout_rooms
D:2:      layout_basic, nicolae_tso_carved_into_rock, uniq_jessica, uniq_sigmund

Skill      XL: |  1 |
---------------+----+-----
Polearms       | 2 |  2.8
Fighting       | |  2.5
Throwing       | |  0.8
Armour         | |  0.8
Dodging        | |  1.7
Spellcasting   | |  2.0
Translocations | |  2.6

Action                   || total
-------------------------++-------
Melee: Spear             ||   102
Throw: Stone             ||    20
       Boomerang         ||     5
  Use: Potion            ||     3
  Eat: Chunk             ||     1
Armor: Leather armour    ||    21
Dodge: Dodged            ||    59

Table legend:
 A = Non-vault XP
 B = Vault XP
 C = Vault XP percentage of total XP
 D = Non-vault monster count
 E = Vault monster count
 F = Vault count percentage of total count
                 A         B        C        D         E       F
            +---------+---------+-------+---------+---------+-------
      Total |      41 |       0 |   0.0 |      18 |       0 |   0.0
            +---------+---------+-------+---------+---------+-------
        D:1 |      39 |       0 |   0.0 |      17 |       0 |   0.0
        D:2 |       2 |       0 |   0.0 |       1 |       0 |   0.0
            +---------+---------+-------+---------+---------+-------
